General information
- name: BNet
- type: Ladder team game (AT/RT)
- host: Battle.net
- saver: iggy_the_fisk
map: Mur'gulOasis
- players: 8
- length: 32:35
- speed: Fast
- version: 1.21 W3XP
- replay type:

» download(262 KB)
Players
team 1 (loser)
O[r]Ks (
purple | 72 APM | 2337 actions | 32:34)
4 Blademaster
2 Wind Walk
2 Critical Strike
2 Naga Sea Witch
1 Frost Arrows
1 Forked Lightning
» actions
| Assign group hotkey | 32 | |
| Basic commands | 10 | |
| Build / train | 57 | |
| Enter build submenu | 29 | |
| Enter hero's abilities submenu | 6 | |
| Right click | 1222 | |
| Select / deselect | 400 | |
| Select group hotkey | 451 | |
| Use ability | 130 | |
2337 total
» units
| Peon | 11 | |
| Grunt | 8 | |
| Demolisher | 3 | |
| Raider | 4 | |
| Troll Batrider | 2 | |
| Shaman | 2 | |
| Troll Headhunter/Berserker | 3 | |
33 total
» upgrades
| Melee Weapons | 1 | |
| Shaman Training | 2 | |
| Ensnare | 1 | |
| Ranged Weapons | 1 | |
| Burning Oil | 1 | |
| Berserker Upgrade | 1 | |
| Armor | 1 | |
| Spiked Barricades | 1 | |
9 total
» buildings
| Altar of Storms | 1 | |
| Orc Burrow | 10 | |
| Barracks | 1 | |
| War Mill | 1 | |
| Voodoo Lounge | 1 | |
| Stronghold | 2 | |
| Beastiary | 1 | |
| Spirit Lodge | 1 | |
| Fortress | 1 | |
| Great Hall | 2 | |
| Watch Tower | 9 | |
30 total
» build order
00:17 Altar of Storms
00:40 Orc Burrow
01:03 Barracks
01:25 Orc Burrow
03:16 Orc Burrow
04:58 War Mill
05:07 Voodoo Lounge
05:13 Stronghold
07:48 Beastiary
07:49 Spirit Lodge
08:06 Orc Burrow
10:05 Orc Burrow
11:24 Fortress
12:19 Orc Burrow
16:55 Great Hall
19:52 Orc Burrow
22:00 Orc Burrow
22:44 Orc Burrow
22:48 Stronghold
26:11 Orc Burrow
29:05 Watch Tower
29:06 Watch Tower
29:07 Watch Tower
29:11 Watch Tower
29:12 Watch Tower
29:13 Watch Tower
29:53 Great Hall
30:54 Watch Tower
30:57 Watch Tower
30:57 Watch Tower
» items
Rase (
orange | 74 APM | 2424 actions | 32:34)
5 Blademaster
3 Wind Walk
2 Critical Strike
3 Naga Sea Witch
2 Frost Arrows
1 Forked Lightning
» actions
| Assign group hotkey | 43 | |
| Basic commands | 192 | |
| Build / train | 65 | |
| Enter build submenu | 20 | |
| Enter hero's abilities submenu | 9 | |
| Remove unit from queue | 1 | |
| Right click | 1065 | |
| Select / deselect | 315 | |
| Select group hotkey | 611 | |
| Use ability | 103 | |
2424 total
» units
| Peon | 7 | |
| Grunt | 8 | |
| Troll Witch Doctor | 4 | |
| Demolisher | 3 | |
| Raider | 1 | |
| Troll Batrider | 10 | |
| Tauren | 3 | |
36 total
» upgrades
| Ensnare | 1 | |
| Witch Doctor Training | 2 | |
| Spiked Barricades | 1 | |
| Liquid Fire | 1 | |
| Burning Oil | 1 | |
| Reinforced Defenses | 1 | |
7 total
» buildings
| Altar of Storms | 1 | |
| Orc Burrow | 7 | |
| Barracks | 1 | |
| Voodoo Lounge | 1 | |
| Stronghold | 1 | |
| War Mill | 1 | |
| Beastiary | 1 | |
| Spirit Lodge | 1 | |
| Watch Tower | 2 | |
| Fortress | 1 | |
| Tauren Totem | 1 | |
| Great Hall | 2 | |
20 total
» build order
00:06 Altar of Storms
00:18 Orc Burrow
00:38 Barracks
01:28 Orc Burrow
02:20 Voodoo Lounge
03:15 Stronghold
04:09 Orc Burrow
04:41 War Mill
05:47 Beastiary
06:03 Spirit Lodge
07:41 Orc Burrow
08:12 Watch Tower
08:14 Watch Tower
09:35 Fortress
09:55 Orc Burrow
12:04 Tauren Totem
14:38 Orc Burrow
15:21 Orc Burrow
21:07 Great Hall
21:20 Great Hall
» items
| Healing Salve | 3 | |
| Scroll of Speed | 1 | |
| Lesser Clarity Potion | 1 | |
| Orb of Lightning | 1 | |
| Potion of Healing | 1 | |
7 total
Scotty_Potty (
yellow | 26 APM | 849 actions | 32:34)
7 Death Knight
3 Death Coil
1 Death Pact
2 Unholy Aura
1 Animate Dead
» actions
| Basic commands | 142 | |
| Build / train | 39 | |
| Enter build submenu | 18 | |
| Enter hero's abilities submenu | 7 | |
| Give item / drop item | 1 | |
| Right click | 311 | |
| Select / deselect | 252 | |
| Use ability | 79 | |
849 total
» units
| Acolyte | 2 | |
| Ghoul | 5 | |
| Crypt Fiend | 8 | |
| Frost Wyrm | 7 | |
22 total
» upgrades
| Creature Attack | 1 | |
| Web | 1 | |
| Freezing Breath | 1 | |
3 total
» buildings
| Graveyard | 1 | |
| Crypt | 1 | |
| Ziggurat | 9 | |
| Altar of Darkness | 1 | |
| Tomb of Relics | 1 | |
| Nerubian Tower | 1 | |
| Halls of the Dead | 1 | |
| Black Citadel | 1 | |
| Sacrificial Pit | 1 | |
| Boneyard | 3 | |
| Necropolis | 1 | |
21 total
» build order
00:05 Graveyard
00:07 Crypt
00:37 Ziggurat
00:57 Altar of Darkness
01:22 Tomb of Relics
01:39 Ziggurat
02:13 Nerubian Tower
04:02 Ziggurat
05:03 Halls of the Dead
06:36 Ziggurat
07:25 Black Citadel
07:28 Sacrificial Pit
09:47 Boneyard
09:49 Boneyard
09:52 Boneyard
10:41 Ziggurat
10:46 Ziggurat
11:40 Ziggurat
14:27 Ziggurat
14:38 Ziggurat
16:05 Necropolis
» items
| Sacrificial Skull | 1 | |
| Rod of Necromancy | 1 | |
| Dust of Appearance | 1 | |
3 total
Xenphyr (
pink | 50 APM | 1638 actions | 32:34)
5 Mountain King
3 Storm Bolt
2 Bash
4 Blood Mage
2 Banish
2 Siphon Mana
» actions
| Assign group hotkey | 16 | |
| Basic commands | 11 | |
| Build / train | 39 | |
| Enter build submenu | 19 | |
| Enter hero's abilities submenu | 9 | |
| Give item / drop item | 2 | |
| Remove unit from queue | 2 | |
| Right click | 807 | |
| Select / deselect | 358 | |
| Select group hotkey | 315 | |
| Use ability | 60 | |
1638 total
» units
| Peasant | 4 | |
| Footman | 6 | |
| Spell Breaker | 6 | |
| Dragonhawk Rider | 1 | |
17 total
» upgrades
| Priest Training | 1 | |
| Control Magic | 1 | |
2 total
» buildings
| Altar of Kings | 1 | |
| Lumber Mill | 1 | |
| Farm | 10 | |
| Barracks | 1 | |
| Scout Tower | 1 | |
| Keep | 1 | |
| Guard Tower | 1 | |
| Arcane Vault | 1 | |
| Arcane Sanctum | 1 | |
| Castle | 1 | |
| Gryphon Aviary | 1 | |
| Town Hall | 1 | |
21 total
» build order
00:03 Altar of Kings
00:05 Lumber Mill
00:24 Farm
00:39 Barracks
01:38 Farm
02:03 Scout Tower
02:47 Keep
03:03 Guard Tower
03:56 Arcane Vault
04:57 Farm
05:17 Arcane Sanctum
06:03 Farm
07:23 Farm
08:01 Farm
08:34 Castle
15:07 Gryphon Aviary
18:31 Farm
18:32 Farm
18:33 Farm
18:34 Farm
20:04 Town Hall
» items
| Scroll of Regeneration | 2 | |
| Lesser Clarity Potion | 1 | |
| Scroll of Healing | 1 | |
| Boots of Speed | 1 | |
| Periapt of Vitality | 1 | |
6 total
team 2 (winner)
BEAR_AND (
blue | 73 APM | 2367 actions | 32:34)
4 Archmage
2 Blizzard
2 Brilliance Aura
» actions
| Assign group hotkey | 10 | |
| Basic commands | 3 | |
| Build / train | 101 | |
| Enter build submenu | 47 | |
| Enter hero's abilities submenu | 4 | |
| Give item / drop item | 1 | |
| Remove unit from queue | 6 | |
| Right click | 1111 | |
| Select / deselect | 419 | |
| Select group hotkey | 506 | |
| Use ability | 159 | |
2367 total
» units
| Peasant | 16 | |
| Mortar Team | 12 | |
| Sorceress | 3 | |
| Dragonhawk Rider | 7 | |
38 total
» upgrades
| Masonry | 2 | |
| Gunpowder | 3 | |
| Magic Sentry | 1 | |
| Sorceress Training | 1 | |
| Flare | 1 | |
| Armor | 2 | |
| Fragmentation Shards | 1 | |
| Animal War Training | 1 | |
| Cloud | 1 | |
13 total
» buildings
| Altar of Kings | 1 | |
| Farm | 13 | |
| Lumber Mill | 1 | |
| Scout Tower | 37 | |
| Arcane Tower | 2 | |
| Guard Tower | 26 | |
| Keep | 1 | |
| Blacksmith | 1 | |
| Workshop | 2 | |
| Arcane Sanctum | 1 | |
| Arcane Vault | 1 | |
| Castle | 1 | |
| Gryphon Aviary | 4 | |
| Barracks | 1 | |
92 total
» build order
00:10 Altar of Kings
00:18 Farm
00:25 Lumber Mill
00:49 Farm
02:04 Scout Tower
02:06 Scout Tower
02:15 Scout Tower
02:38 Scout Tower
02:39 Scout Tower
02:39 Scout Tower
03:05 Arcane Tower
03:07 Scout Tower
03:13 Scout Tower
03:15 Guard Tower
03:32 Guard Tower
03:39 Guard Tower
03:50 Scout Tower
04:06 Scout Tower
04:09 Guard Tower
04:11 Scout Tower
04:13 Scout Tower
04:38 Guard Tower
04:38 Guard Tower
04:40 Guard Tower
04:43 Scout Tower
04:44 Scout Tower
04:45 Scout Tower
04:53 Scout Tower
04:53 Scout Tower
05:11 Keep
05:13 Guard Tower
05:14 Guard Tower
05:39 Guard Tower
05:43 Guard Tower
05:47 Scout Tower
05:48 Scout Tower
06:08 Guard Tower
06:11 Scout Tower
06:15 Blacksmith
06:30 Farm
06:32 Farm
06:33 Farm
07:05 Guard Tower
07:09 Scout Tower
07:10 Scout Tower
07:12 Scout Tower
07:34 Workshop
07:36 Workshop
07:46 Arcane Sanctum
07:58 Guard Tower
07:59 Guard Tower
08:34 Guard Tower
10:50 Farm
11:16 Farm
12:11 Arcane Vault
12:42 Castle
14:09 Scout Tower
14:11 Scout Tower
14:12 Scout Tower
14:13 Scout Tower
14:14 Scout Tower
14:15 Scout Tower
14:17 Scout Tower
14:18 Scout Tower
14:19 Scout Tower
14:20 Scout Tower
14:38 Guard Tower
16:54 Guard Tower
17:11 Scout Tower
17:12 Scout Tower
17:13 Scout Tower
17:14 Scout Tower
17:32 Guard Tower
17:37 Guard Tower
17:44 Guard Tower
17:49 Guard Tower
17:56 Guard Tower
18:31 Guard Tower
18:36 Guard Tower
20:42 Arcane Tower
23:16 Gryphon Aviary
23:17 Gryphon Aviary
23:18 Gryphon Aviary
23:18 Gryphon Aviary
23:24 Barracks
23:29 Farm
23:30 Farm
23:31 Farm
23:31 Farm
24:16 Farm
24:16 Farm
» items
| Staff of Teleportation | 1 | |
| Scroll of Town Portal | 4 | |
| Potion of Healing | 2 | |
| Staff of Sanctuary | 1 | |
8 total
iggy_the_fisk (
green | 81 APM | 2632 actions | 32:35)
4 Archmage
2 Blizzard
2 Brilliance Aura
5 Blood Mage
3 Flame Strike
2 Siphon Mana
» actions
| Assign group hotkey | 83 | |
| Basic commands | 1 | |
| Build / train | 100 | |
| Enter build submenu | 47 | |
| Enter hero's abilities submenu | 9 | |
| Give item / drop item | 2 | |
| Right click | 1399 | |
| Select / deselect | 323 | |
| Select group hotkey | 499 | |
| Use ability | 169 | |
2632 total
» units
| Peasant | 16 | |
| Dragonhawk Rider | 17 | |
33 total
» upgrades
| Masonry | 3 | |
| Lumber Harvesting | 2 | |
| Magic Sentry | 1 | |
| Cloud | 1 | |
7 total
» buildings
| Altar of Kings | 1 | |
| Farm | 7 | |
| Lumber Mill | 1 | |
| Scout Tower | 31 | |
| Arcane Tower | 4 | |
| Guard Tower | 21 | |
| Keep | 1 | |
| Arcane Vault | 1 | |
| Gryphon Aviary | 1 | |
| Arcane Sanctum | 1 | |
| Castle | 1 | |
| Town Hall | 1 | |
| Barracks | 1 | |
| Blacksmith | 1 | |
73 total
» build order
00:10 Altar of Kings
00:18 Farm
00:49 Lumber Mill
00:55 Farm
01:14 Scout Tower
01:42 Arcane Tower
01:42 Arcane Tower
01:43 Scout Tower
02:09 Guard Tower
02:09 Guard Tower
02:11 Scout Tower
02:36 Scout Tower
02:37 Guard Tower
02:48 Scout Tower
03:15 Guard Tower
03:34 Keep
04:43 Scout Tower
04:44 Scout Tower
04:53 Scout Tower
04:54 Scout Tower
05:14 Arcane Vault
05:16 Guard Tower
05:38 Guard Tower
05:39 Scout Tower
05:41 Scout Tower
05:50 Guard Tower
05:51 Scout Tower
05:52 Scout Tower
06:09 Arcane Tower
06:32 Guard Tower
06:42 Scout Tower
06:56 Scout Tower
07:01 Guard Tower
07:05 Scout Tower
07:06 Scout Tower
07:12 Arcane Tower
07:22 Guard Tower
07:27 Gryphon Aviary
08:02 Farm
08:03 Farm
08:04 Guard Tower
08:15 Scout Tower
08:55 Guard Tower
08:57 Scout Tower
09:29 Arcane Sanctum
10:29 Scout Tower
10:30 Scout Tower
10:31 Guard Tower
11:14 Castle
11:24 Guard Tower
11:38 Farm
11:39 Farm
12:56 Scout Tower
12:57 Scout Tower
13:51 Guard Tower
17:40 Guard Tower
17:41 Guard Tower
17:42 Scout Tower
17:43 Guard Tower
17:46 Scout Tower
17:48 Scout Tower
20:09 Scout Tower
20:10 Scout Tower
20:37 Guard Tower
20:44 Scout Tower
21:36 Guard Tower
21:37 Scout Tower
21:38 Scout Tower
22:33 Guard Tower
22:35 Town Hall
23:18 Barracks
23:19 Blacksmith
23:27 Farm
» items
| Potion of Healing | 1 | |
| Scroll of Town Portal | 7 | |
| Scroll of Regeneration | 6 | |
| Ivory Tower | 3 | |
| Staff of Sanctuary | 1 | |
| Staff of Teleportation | 2 | |
| Scroll of Healing | 1 | |
| Potion of Lesser Invulnerability | 1 | |
22 total
Mata. (
teal | 78 APM | 2527 actions | 32:34)
4 Blademaster
2 Wind Walk
2 Critical Strike
» actions
| Assign group hotkey | 362 | |
| Basic commands | 1 | |
| Build / train | 69 | |
| Enter build submenu | 59 | |
| Enter hero's abilities submenu | 4 | |
| Remove unit from queue | 1 | |
| Right click | 1262 | |
| Select / deselect | 432 | |
| Select group hotkey | 153 | |
| Use ability | 184 | |
2527 total
» units
| Peon | 25 | |
| Troll Batrider | 17 | |
| Wind Rider | 1 | |
43 total
» upgrades
| Spiked Barricades | 1 | |
| Liquid Fire | 1 | |
| Reinforced Defenses | 1 | |
| Ranged Weapons | 1 | |
4 total
» buildings
| Altar of Storms | 1 | |
| Orc Burrow | 7 | |
| War Mill | 1 | |
| Watch Tower | 31 | |
| Voodoo Lounge | 4 | |
| Stronghold | 3 | |
| Beastiary | 4 | |
| Fortress | 2 | |
| Great Hall | 2 | |
55 total
» build order
00:07 Altar of Storms
00:18 Orc Burrow
00:38 War Mill
01:52 Watch Tower
02:07 Watch Tower
02:08 Watch Tower
02:21 Orc Burrow
02:38 Watch Tower
03:11 Watch Tower
03:13 Watch Tower
03:43 Watch Tower
03:46 Watch Tower
03:47 Watch Tower
03:48 Watch Tower
03:49 Watch Tower
03:50 Watch Tower
04:14 Watch Tower
04:17 Watch Tower
04:27 Voodoo Lounge
04:29 Voodoo Lounge
04:30 Voodoo Lounge
04:51 Watch Tower
04:54 Watch Tower
04:56 Watch Tower
05:22 Watch Tower
05:25 Watch Tower
06:25 Stronghold
06:30 Watch Tower
06:30 Watch Tower
07:53 Watch Tower
07:54 Watch Tower
08:02 Orc Burrow
08:04 Orc Burrow
09:03 Beastiary
09:05 Beastiary
09:24 Watch Tower
09:24 Watch Tower
09:40 Fortress
17:20 Watch Tower
17:21 Watch Tower
17:22 Watch Tower
17:22 Watch Tower
17:25 Watch Tower
17:26 Watch Tower
19:53 Beastiary
19:54 Beastiary
20:26 Orc Burrow
21:07 Orc Burrow
21:36 Orc Burrow
23:22 Voodoo Lounge
23:27 Great Hall
24:56 Great Hall
» items
| Healing Salve | 1 | |
| Orb of Lightning | 1 | |
| Scroll of Town Portal | 1 | |
3 total
timg4strok (
red | 69 APM | 2254 actions | 32:34)
9 Pandaren Brewmaster
3 Breath of Fire
2 Drunken Brawler
1 Storm Earth and Fire
3 Drunken Haze
» actions
| Assign group hotkey | 17 | |
| Basic commands | 50 | |
| Build / train | 58 | |
| ESC pressed | 1 | |
| Enter build submenu | 17 | |
| Enter hero's abilities submenu | 9 | |
| Remove unit from queue | 1 | |
| Right click | 1100 | |
| Select / deselect | 263 | |
| Select group hotkey | 665 | |
| Use ability | 73 | |
2254 total
» units
» upgrades
| Ultravision | 1 | |
| Strength of the Wild | 3 | |
| Reinforced Hides | 3 | |
| Well Spring | 1 | |
| Corrosive Breath | 1 | |
| Nature's Blessing | 1 | |
10 total
» buildings
| Altar of Elders | 1 | |
| Moon Well | 7 | |
| Tree of Ages | 1 | |
| Hunter's Hall | 1 | |
| Tree of Eternity | 1 | |
| Ancient of Wind | 2 | |
| Ancient of Wonders | 1 | |
| Chimaera Roost | 2 | |
| Tree of Life | 2 | |
18 total
» build order
00:10 Altar of Elders
00:18 Moon Well
01:37 Moon Well
03:56 Moon Well
03:57 Moon Well
05:03 Tree of Ages
05:08 Hunter's Hall
06:31 Moon Well
06:32 Moon Well
07:26 Tree of Eternity
07:29 Ancient of Wind
07:34 Ancient of Wind
09:50 Ancient of Wonders
10:09 Chimaera Roost
10:10 Chimaera Roost
14:57 Moon Well
20:23 Tree of Life
23:48 Tree of Life
» items
| Staff of Teleportation | 1 | |
| Boots of Speed | 1 | |
| Orb of Venom | 1 | |
| Potion of Healing | 1 | |
| Anti-magic Potion | 1 | |
5 total
Chat log
(00:06 / All) O[r]Ks: iggy pop!
(00:11 / All) O[r]Ks: iggy-
(00:11 / All) iggy_the_fisk: :]
(00:15 / All) BEAR_AND: scotty potty
(00:20 / All) Scotty_Potty: what
(00:23 / All) O[r]Ks: bear and who>
(00:24 / Allies) timg4strok: :]
(00:27 / All) BEAR_AND: i played you
(00:29 / All) BEAR_AND: scottey
(00:35 / All) Scotty_Potty: solo?
(00:42 / All) BEAR_AND: i tell u in 1 sec
(00:48 / All) O[r]Ks: yes
(00:52 / All) O[r]Ks: after u are pleading for mercy
(00:56 / All) O[r]Ks: :O:O
(01:05 / All) O[r]Ks: are a a lizard
(01:08 / All) Xenphyr: dont mind Enrique
(01:08 / All) O[r]Ks: theres on in my base
(01:13 / All) Xenphyr: hes just hyper
(01:19 / All) O[r]Ks: AHHHHHHHH
(01:42 / All) timg4strok: good lucker
(01:46 / All) Xenphyr: u 2
(02:28 / All) Scotty_Potty: wow
(02:44 / All) Scotty_Potty: what u tryinng to pull
(03:33 / All) Xenphyr: ass
(03:34 / All) Scotty_Potty: faggit
(04:33 / All) Xenphyr: lawl rape
(04:33 / All) O[r]Ks: OWNED
(04:43 / All) timg4strok: lawlies
(04:47 / All) O[r]Ks: rape
(04:54 / All) O[r]Ks: did he die
(05:27 / All) BEAR_AND: lol../...
(05:34 / All) O[r]Ks: u bitch
(05:35 / All) BEAR_AND: u remember the map Highperch(6)?
(05:38 / All) BEAR_AND: scotty
(05:40 / All) Scotty_Potty: OMG
(05:41 / All) Scotty_Potty: YOU@!
(05:43 / All) Scotty_Potty: FUCK YOU
(05:46 / All) O[r]Ks: lol
(05:53 / All) Scotty_Potty: i remeber that so well
(05:58 / All) Scotty_Potty: are u in clan towa
(06:03 / All) timg4strok: wtf is clan towa
(06:06 / All) BEAR_AND: wtf?
(06:07 / All) timg4strok: caln roj
(08:54 / All) Scotty_Potty: wow
(10:18 / All) O[r]Ks: lol
(10:23 / All) O[r]Ks: wasting all ur fucking tps fagets
(14:35 / All) O[r]Ks: fuck off
(21:17 / All) Mata.: gg good friends
(21:23 / All) BEAR_AND: gg. owned by clan towa....again
(21:28 / All) Scotty_Potty: i hate u guys
(21:31 / All) BEAR_AND: i bet!
(26:03 / All) Mata.: dang. game
(27:47 / All) Mata.: you can still win pros
(28:00 / All) Xenphyr: more pro then ull ever be with ur shitty strats
(28:01 / All) Scotty_Potty: learn how play proper wc
(28:06 / All) BEAR_AND: learn how to win.
(28:07 / All) Mata.: we beat you
(28:08 / All) BEAR_AND: owne!
(28:08 / All) Mata.: with a shitty strat
(28:18 / All) Mata.: thats cause we better than you and can play funstrat vs noobs :)
(28:27 / All) Xenphyr: funstrat?
(28:30 / All) Mata.: YA
(28:31 / All) Xenphyr: its more like last resort
(28:49 / All) O[r]Ks: fagets
(29:02 / All) Xenphyr: i just love how u get dominated and then bitch
(29:21 / All) Xenphyr: lawl
(29:24 / All) Xenphyr: what a fag idea
(29:30 / All) Xenphyr: i bet u dont use that bot often
(31:52 / All) Xenphyr: gg u noobs
(31:53 / All) BEAR_AND: gg all noob
(31:54 / All) BEAR_AND: quit
(31:55 / All) Mata.: GG
(31:59 / All) Mata.: your biggest noob :)
(32:03 / All) Xenphyr: learn 2 play
(32:04 / All) O[r]Ks: wow stfu
(32:06 / All) iggy_the_fisk: clan towa 2-0 goddamn
(32:09 / All) iggy_the_fisk: you not very good
(32:10 / All) O[r]Ks: wow
(32:12 / All) O[r]Ks: gj
(32:15 / All) Mata.: we just playin around broz
(32:17 / All) Xenphyr: amazing 2-0
(32:31 / All) Xenphyr: teal...ur the 1 who got butrapped